 Dungeon Crawl Stone Soup version 0.31-a0-1068-g5939ac1 (webtiles) character file.

Game seed: 1667771371332191813

239825 PurpleRed the Impregnable (level 21, -11/176 HPs)
             Began as a Meteoran Fighter on Nov 22, 2023.
             Was the Champion of Hepliaklqana.
             Mangled by a titan (23 damage)
             ... on level 4 of the Vaults on Nov 23, 2023.
             The game lasted 01:43:47 (12782 turns).

PurpleRed the Impregnable (Meteoran Fighter)       Turns: 12782, Time: 01:43:48

Health: -11/176    AC: 35    Str: 27    XL:     21   Next: 43%
Magic:  29/29      EV: 23    Int: 13    God:    Hepliaklqana [******]
Gold:   1764       SH: 19    Dex: 20    Spells: 20/20 levels left

rFire   . . .        k - +6 war axe of Smoking Terror {venom, rElec Dex+6 Stlth+}
rCold   + . .        C - +0 tower shield
rNeg    + . .        F - +5 chain mail {ponderous}
rPois   .            E - +2 helmet
rElec   +            l - +2 cloak {Stlth+}
rCorr   .            m - +1 pair of gloves
SInv    .            x - +1 pair of boots
Will    ++...        d - amulet of regeneration
Stlth   +            Y - ring "Tiduef" {Contam rC+ rN+ Slay+5}
HPRegen 1.29/turn    T - +5 ring of evasion
MPRegen 0.21/turn

%: no passive effects
@: flayed, glowing, studying Long Blades, slow
A: reduced essence, sense surroundings 3, otherworldly, glowing, explore regen
}: 1/15 runes: decaying
a: Renounce Religion, Recall Ancestor, Ancestor Identity, Transference, Idealise


You were on level 4 of the Vaults.
You worshipped Hepliaklqana.
Hepliaklqana was exalted by your worship.
You visited 6 branches of the dungeon, and saw 32 of its levels.

You collected 2590 gold pieces.
You spent 826 gold pieces at shops.

Inventory:

Hand Weapons
 k - the +6 war axe of Smoking Terror (weapon) {venom, rElec Dex+6 Stlth+}
   (You found it on level 3 of the Dungeon)

   Dex+6:     It affects your dexterity (+6).
   rElec:     It insulates you from electricity.
   Stlth+:    It makes you more stealthy.
 R - a +2 broad axe
 Z - the +8 dagger of Myhemot {vamp, rElec rPois rN++ Stlth-}
   (You found it on level 3 of the Lair of Beasts)

   rElec:     It insulates you from electricity.
   rPois:     It protects you from poison rN++: It greatly protects you from
   negative energy.
   Stlth-:    It makes you less stealthy.
Missiles
 H - 11 curare-tipped darts
Armour
 c - the +2 scale mail of Exclusion {rElec rC+ Stlth+}
   (You found it on level 5 of the Lair of Beasts)

   rC+:       It protects you from cold.
   rElec:     It insulates you from electricity.
   Stlth+:    It makes you more stealthy.
 l - a +2 cloak of stealth (worn)
 m - a +1 pair of gloves (worn)
 r - +0 acid dragon scales
 x - a +1 pair of boots (worn)
 C - a +0 tower shield (worn)
 E - a +2 helmet (worn)
 F - a +5 chain mail of ponderousness (worn)
 K - +0 swamp dragon scales
 S - a +0 buckler of protection
Jewellery
 d - an amulet of regeneration (around neck)
 e - the ring of Banynt {rN++ Will+ Stlth+}
   (You found it on level 4 of the Swamp)

   [ring of willpower]

   rN++:      It greatly protects you from negative energy.
   Will+:     It increases your willpower.
   Stlth+:    It makes you more stealthy.
 o - a ring of protection from fire
 G - a ring of see invisible
 L - a ring of protection from cold
 T - a +5 ring of evasion (right hand)
 Y - the ring "Tiduef" (left hand) {Contam rC+ rN+ Slay+5}
   (You bought it in a shop on level 10 of the Dungeon)

   [ring of protection from cold]

   Slay+5:    It affects your accuracy & damage with ranged weapons and melee
   (+5).
   rC+:       It protects you from cold.
   rN+:       It protects you from negative energy.
   Contam:    It causes magical contamination when unequipped.
Talismans
 P - a dragon-blood talisman
Wands
 b - a wand of digging (11)
 f - a wand of roots (41)
 A - a wand of polymorph (20)
 D - a wand of flame (53)
 I - a wand of paralysis (20)
 M - a wand of acid (15)
Scrolls
 h - a scroll of revelation
 p - a scroll of blinking
 u - 3 scrolls of poison
 v - 2 scrolls of enchant weapon
 w - a scroll of teleportation
 y - 4 scrolls of fog
 z - a scroll of noise
 Q - 2 scrolls of silence
 V - a scroll of vulnerability
 W - 2 scrolls of enchant armour
 X - 9 scrolls of identify
Potions
 a - a potion of magic
 g - 6 potions of berserk rage
 i - 3 potions of curing
 j - 5 potions of haste
 n - 2 potions of resistance
 q - 5 potions of brilliance
 s - 10 potions of mutation
 t - 3 potions of cancellation
 B - 2 potions of lignification
 N - 4 potions of might
 O - 5 potions of enlightenment
 U - a potion of attraction
Miscellaneous
 J - a phial of floods


   Skills:
 + Level 18.8 Fighting
 - Level 20.0 Axes
 - Level 22.2 Armour
 + Level 15.8 Dodging
 + Level 11.6 Shields
 - Level 10.0 Invocations


You had 20 spell levels left.
You didn't know any spells.
Your spell library contained the following spells:

 Spells                   Type           Power      Damage    Failure   Level
 Foxfire                  Conj/Fire      0%         2x1d4     90%         1
 Kiss of Death            Conj/Necr      0%         2d5       90%         1
 Sandblast                Erth           0%         2d4       90%         1
 Cigotuvi's Dreadful Rot  Necr/Pois/Air  0%         N/A       97%         2
 Confusing Touch          Hex            0%         N/A       99%         3
 Gell's Gravitas          Tloc           0%         N/A       99%         3
 Ignite Poison            Fire/Tmut/Pois 0%         N/A       99%         3
 Mephitic Cloud           Conj/Pois/Air  0%         N/A       99%         3
 Teleport Other           Tloc           0%         N/A       99%         3
 Dispel Undead            Necr           0%         3d6       100%        4
 Iskenderun's Mystic Bla  Conj/Tloc      0%         2d3       100%        4
 Sticky Flame             Conj/Fire      0%         2d3       100%        4
 Borgnjor's Vile Clutch   Necr/Erth      0%         N/A       100%        5
 Death Channel            Necr           0%         N/A       100%        6
 Dispersal                Tloc           0%         N/A       100%        6
 Plasma Beam              Fire/Air       0%         2x1d10    100%        6
 Simulacrum               Ice/Necr       0%         N/A       100%        6
 Starburst                Conj/Fire      0%         6d3       100%        6
 Ozocubu's Refrigeration  Ice            0%         4d7       100%        7
 Ignition                 Fire           0%         3d3       100%        8
 Polar Vortex             Ice            0%         N/A       100%        9
 Shatter                  Erth           0%         3d5*      100%        9


Dungeon Overview and Level Annotations

Branches:
Dungeon (15/15) Zot: 2231  Temple (1/1) D:7 Zot: 561    Lair (5/5) D:8 Zot: 879
  Swamp (4/4) Lair:3 Zot: 557  Spider (0/4) Lair:2        Slime (0/5) Lair:5
    Orc (2/2) D:10 Zot: 727     Elf (0/3) Orc:2        Vaults (5/5) D:14 Zot: 1047
 Depths (0/4) D:15
  Crypt: Vaults:2-3

Altars:
Ashenzari
Cheibriados
Dithmenos
Elyvilon
Gozag
Hepliaklqana
Kikubaaqudgha
Makhleb
Nemelex Xobeh
Okawaru
Qazlal
Ru
Sif Muna
Trog
Uskayaw
Vehumet
Wu Jian
Xom
Yredelemnul
Zin
The Shining One
Jiyva

Shops:
D:4 *:*   D:10 =   Orc:1 :   Orc:2 *[[[   Vaults:4 (

Annotations:
Lair:2 1 runed translucent door, PurpleRed's ghost, journeyman MeFi
Lair:5 3 runed translucent doors, dhlexpress's ghost, journeyman KoEE


Innate Abilities, Weirdness & Mutations

Your life essence is reduced to manifest your ancestor. (-10% HP)
You passively map a large area around you.
You are easily found by Zot.
You glow in the dark.
You regain HP and MP as you explore.


Message History

You block the tentacled monstrosity's attack.
The frost giant points at you and mumbles some strange words.
The bolt of cold hits you! You resist.
You slice the tentacled monstrosity!!
You kill the tentacled monstrosity!
You hit the frost giant.
The frost giant looks as sick as possible!
The frost giant hits you with a +1 battleaxe of freezing!
* * * LOW HITPOINT WARNING * * *
The frost giant freezes you.
* * * LOW HITPOINT WARNING * * *
You slice the flayed ghost!!
The flayed ghost is heavily damaged.
You hit the frost giant.
The frost giant looks as sick as possible!
You slice the flayed ghost!!
The flayed ghost is almost destroyed.
You slash the frost giant!
The frost giant hits you with a +1 battleaxe of freezing!!
* * * LOW HITPOINT WARNING * * *
The frost giant freezes you.
* * * LOW HITPOINT WARNING * * *
The flayed ghost hits you but does no damage.
You slash the flayed ghost!
The flayed ghost is almost destroyed.
You slash the frost giant!
You kill the frost giant!
The titan waves its arms in wide circles.
The air twists around and strikes you!
* * * LOW HITPOINT WARNING * * *
You block the flayed ghost's attack.
You completely miss the flayed ghost.
The flayed ghost is almost destroyed.
You slice the yaktaur captain!!
You kill the yaktaur captain!
You block the flayed ghost's attack.
You closely miss the flayed ghost.
The flayed ghost is almost destroyed.
You hit the titan.
The titan is poisoned.
The titan hits you!!
You die...

#.........#
, *,
#...~.~...#
< ,,,,
#..~~~~~..#
,,+,
#.~≈~∩~~~.#
,, ,
#.~≈.[.~..#
* *
#.~~≈.~≈~.#
#..~~.~~..#
*
#...~.≈W..#
#......C@.#
######'####
* ##.## *
##...##
##.....##
##.......##
#......CX.#
#......p[c#
*
#......[WC#
*,


You could see a titan (very poisoned) and a flayed ghost.

Vanquished Creatures
  Nikola (Swamp:2)
  2 tentacled monstrosities
  A thorn hunter (Swamp:2)
  A tengu reaver (Vaults:2)
  A frost giant (Vaults:4)
  8 vault wardens
  A ghoul (Swamp:2)
  8 ironbound preservers
  A war gargoyle (Vaults:4)
  2 ironbound thunderhulks (Vaults:4)
  A formless jellyfish (Vaults:2)
  3 stone giants
  4 eleionomae
  2 orc warlords (Orc:1)
  5 bunyips
  6 dire elephants
  Azrael (D:14)
  2 crystal guardians (Vaults:4)
  A green death (Swamp:4)
  A deep elf death mage (Vaults:1)
  4 yaktaur captains
  2 deep elf high priests
  25 vault guards
  10 hydras
  Erolcha (D:9)
  3 ghost crabs
  A merfolk avatar (Lair:5)
  6 great orbs of eyes
  An ice dragon (D:15)
  A spriggan air mage (Swamp:2)
  9 centaur warriors
  5 ogre magi
  3 peacekeepers
  A hell beast (Swamp:4)
  A catoblepas (Lair:4)
  6 alligators
  9 ironbound frosthearts
  3 tengu warriors
  15 two-headed ogres
  3 boulder beetles
  4 death yaks
  The ghost of Temauhi the Thaumaturge, a journeyman DERe of Vehumet (D:11)
  A thrashing horror (Swamp:4)
  A skyshark (Lair:5)
  A deep troll earth mage (Vaults:4)
  A death drake (Swamp:2)
  23 deep trolls
  5 goliath frogs
  2 iron trolls (Vaults:4)
  A flayed ghost (Vaults:4)
  A glowing orange brain (D:14)
  4 spriggan druids
  3 swamp dragons (Swamp:4)
  8 bog bodies
  3 lindwurms
  An orc knight (Vaults:4)
  3 arcanists
  8 ironbound convokers
  An orc sorcerer (Orc:2)
  3 deep elf pyromancers
  3 cyclopes
  4 will-o-the-wisps
  12 ugly things
  12 elephants
  A black mamba (shapeshifter) (D:10)
  An orange demon (Swamp:4)
  4 vault sentinels
  A black mamba (Lair:5)
  12 cane toads
  An unseen horror (D:11)
  2 kobold demonologists
  A rime drake (Lair:4)
  10 komodo dragons
  14 yaktaurs
  5 trolls
  8 tyrant leeches
  2 polar bears (Lair:5)
  3 meliai (D:15)
  11 hornets
  10 blink frogs
  8 dream sheep (Lair:4)
  A jumping spider (Lair:2)
  2 culicivoras (Lair:2)
  A snapping turtle (Lair:5)
  13 slime creatures
  A wraith (D:9)
  A wyvern (Lair:5)
  12 spriggans
  2 shadows
  A ynoxinul (D:8)
  A vampire (D:9)
  A fire elemental (D:14)
  24 yaks
  A redback (Lair:2)
  3 vampire mosquitoes (D:14)
  6 basilisks
  5 steam dragons
  2 acid dragons
  3 wargs
  12 swamp worms
  3 hell hounds (D:14)
  10 water moccasins
  2 black bears
  4 swamp drakes
  2 ice beasts
  23 orc warriors
  2 sky beasts (D:6)
  24 ogres
  A small abomination (Swamp:4)
  3 centaurs
  2 boggarts (Vaults:2)
  18 wolves
  A phantom (D:7)
  5 kobold brigands
  8 bullfrogs
  4 scorpions (D:5)
  8 wights
  3 killer bees (D:9)
  3 howler monkeys
  2 electric eels (Lair:5)
  5 hounds
  14 orc priests
  2 gnoll boudas
  A jelly (D:6)
  A sleepcap (D:6)
  3 iguanas
  8 orc wizards
  3 hell rats (Lair:5)
  6 gnolls
  5 adders
  2 ufetubi (D:6)
  3 dart slugs
  54 orcs
  3 bats (D:3)
  9 endoplasms
  A giant cockroach (D:1)
  2 hobgoblins
  13 kobolds
  3 quokkas
  A ball python (D:1)
  3 frilled lizards
  2 goblins
  2 rats (D:2)
  A spectral weapon (Swamp:4)
728 creatures vanquished.

Vanquished Creatures (collateral kills)
  A lich (Vaults:2)
  2 sphinxes
  A fire giant (Vaults:2)
  2 vault wardens (Vaults:2)
  An orc warlord (Orc:2)
  3 ironbound preservers
  A very ugly thing (Swamp:4)
  2 ironbound thunderhulks (Vaults:4)
  2 eleionomae
  2 dire elephants (Vaults:2)
  A bunyip (Swamp:1)
  A green death (Swamp:4)
  A yaktaur captain (Vaults:4)
  3 vault guards
  2 great orbs of eyes
  5 hydras
  A deep elf death mage (Vaults:2)
  A peacekeeper (Vaults:4)
  An alligator (Swamp:2)
  An ice dragon (D:15)
  An ogre mage (Orc:2)
  5 centaur warriors
  5 two-headed ogres (Orc:2)
  A boulder beetle (D:14)
  A tengu warrior (D:10)
  A thrashing horror (Swamp:4)
  An orc high priest (Orc:2)
  A goliath frog (Swamp:1)
  4 bog bodies
  2 swamp dragons
  12 deep trolls
  3 lindwurms
  An arcanist (Vaults:2)
  5 ugly things
  An orc sorcerer (Orc:1)
  A cyclops (D:15)
  A manticore (D:12)
  A large abomination (Swamp:4)
  3 vault sentinels
  An elephant (Lair:5)
  2 cane toads (Lair:5)
  2 yaktaurs (Vaults:1)
  A rime drake (Lair:5)
  A kobold demonologist (D:11)
  A bloated husk (Swamp:2)
  A troll (D:12)
  A polar bear (Lair:3)
  5 hornets
  A wind drake (Lair:5)
  2 dream sheep (Lair:4)
  4 blink frogs
  A snapping turtle (Lair:5)
  8 slime creatures
  2 spriggans
  2 shadows (Swamp:4)
  A wyvern (Lair:5)
  2 yaks
  A warg (Orc:1)
  3 swamp worms
  2 water moccasins (Lair:5)
  3 orc warriors
  A swamp drake (Swamp:4)
  A black bear (D:8)
  5 wolves
  5 centaurs
  4 ogres (Orc:2)
  3 boggarts (Vaults:2)
  2 kobold brigands (D:11)
  A bullfrog (Lair:4)
  An electric eel (Lair:5)
  An orc priest (Orc:2)
  An iguana (Lair:3)
  4 orc wizards
  A hell rat (Lair:5)
  10 orcs
171 creatures vanquished.

Vanquished Creatures (others)
  3 eleionomae
  A spriggan (Swamp:2)
  2 goliath frogs
  A swamp dragon (Swamp:2)
  An arcanist (Vaults:4)
  A will-o-the-wisp (Swamp:2)
  2 yaktaurs
  4 bloated husks
  A hornet (Swamp:2)
  A slime creature (Vaults:2)
  2 kobold brigands (D:11)
  14 knights
  An orc wizard (Orc:1)
  2 ancestors (D:10)
  A hell rat (Lair:5)
  16 foxfires
53 creatures vanquished.

Grand Total: 952 creatures vanquished

Notes
Turn   | Place    | Note
-------+----------+-------------------------------------------
     0 | D:1      | PurpleRed the Meteoran Fighter began the quest for the Orb.
     0 | D:1      | Reached XP level 1. HP: 19/19 MP: 2/2
   102 | D:2      | Reached XP level 2. HP: 26/26 MP: 3/3
   354 | D:4      | Found Selas's Assorted Antiques.
   357 | D:4      | Bought a scroll labelled EGRAELL JAUCLUSK for 26 gold
                  | pieces
   357 | D:4      | Bought a scroll labelled QUNWUT LAC for 26 gold pieces
   360 | D:4      | Identified the +3 mace "Vyfiwane" {pain, +Blink rElec Int+4
                  | Dex-5}
   580 | D:3      | Reached XP level 3. HP: 30/31 MP: 4/4
   657 | D:3      | Found a radiant altar of Vehumet.
   671 | D:3      | Identified the +6 war axe of Smoking Terror {venom, rElec
                  | Dex+6 Stlth+}
   901 | D:4      | Reached XP level 4. HP: 31/40 MP: 5/5
   905 | D:4      | Reached XP level 5. HP: 34/46 MP: 6/6
   907 | D:4      | Reached skill level 5 in Axes
   936 | D:4      | Noticed an ice beast
   942 | D:4      | Killed an ice beast
   943 | D:4      | Reached XP level 6. HP: 55/55 MP: 7/7
   967 | D:4      | Noticed an ogre
   967 | D:4      | Noticed an ogre
   975 | D:4      | Killed an ogre
   976 | D:4      | Reached skill level 5 in Fighting
   978 | D:4      | Killed an ogre
   979 | D:4      | Reached XP level 7. HP: 47/61 MP: 8/8
  1039 | D:4      | Found Sianug's Book Boutique.
  1055 | D:4      | Found Eliwoff's Assorted Antiques.
  1126 | D:5      | Entered Level 5 of the Dungeon
  1169 | D:5      | Found a sparkling altar of Nemelex Xobeh.
  1209 | D:5      | Reached XP level 8. HP: 57/70 MP: 9/9
  1443 | D:6      | Reached skill level 1 in Dodging
  1443 | D:6      | Gained mutation: You passively map the area around you.
                  | [Meteoran growth]
  1443 | D:6      | Reached XP level 9. HP: 79/79 MP: 10/10
  1581 | D:5      | Noticed a kobold demonologist
  1596 | D:5      | Killed a kobold demonologist
  1597 | D:5      | Reached skill level 10 in Axes
  1597 | D:5      | Reached skill level 4 in Armour
  1943 | D:6      | Identified a scroll of acquirement
  1943 | D:6      | Acquired a manual of Dodging
  2929 | D:8      | Found a staircase to the Lair.
  2934 | D:8      | Reached XP level 10. HP: 88/88 MP: 11/11
  2946 | D:7      | Reached skill level 5 in Dodging
  2971 | D:7      | Found a snail-covered altar of Cheibriados.
  3030 | D:7      | Found a staircase to the Ecumenical Temple.
  3049 | Temple   | Entered the Ecumenical Temple
  3071 | Temple   | Became a worshipper of Hepliaklqana the Forgotten
  3240 | D:8      | Found a bloodstained altar of Trog.
  3253 | D:8      | Found a shimmering blue altar of Sif Muna.
  3260 | D:8      | Got Sif Muna's Anthology of Blasts
  3517 | D:8      | Reached XP level 11. HP: 97/97 MP: 12/12
  3581 | D:8      | Found a glowing golden altar of the Shining One.
  3581 | D:8      | Found a shimmering altar of Xom.
  3823 | D:9      | Noticed Erolcha
  3835 | D:10     | Entered Level 10 of the Dungeon
  3916 | D:10     | Reached * piety under Hepliaklqana
  3940 | D:10     | a black bear changed into a black mamba
  3940 | D:10     | Noticed a black mamba (shapeshifter)
  3951 | D:10     | Killed a black mamba
  3956 | D:10     | Reached skill level 5 in Shields
  3993 | D:10     | Reached skill level 10 in Fighting
  4295 | D:10     | Found an opulent altar of Gozag.
  4296 | D:10     | Noticed a deep elf pyromancer
  4309 | D:10     | Killed a deep elf pyromancer
  4310 | D:10     | Reached skill level 10 in Dodging
  4356 | D:11     | Found a runed translucent gate.
  4357 | D:11     | Found a runed translucent gate.
  4358 | D:11     | Found a runed translucent gate.
  4359 | D:11     | Noticed Temauhi's ghost (journeyman DERe)
  4467 | D:9      | Killed Erolcha
  4468 | D:9      | Reached skill level 15 in Axes
  4538 | D:9      | Reached ** piety under Hepliaklqana
  4539 | D:9      | Remembered your ancestor Zog as a knight
  4559 | D:9      | Reached XP level 12. HP: 97/97 MP: 13/13
  4670 | D:10     | Noticed a centaur warrior
  4686 | D:10     | Killed a centaur warrior
  4704 | D:10     | Noticed a centaur warrior
  4713 | D:10     | Killed a centaur warrior
  4734 | D:10     | Noticed a tengu warrior
  4746 | D:10     | Killed a tengu warrior
  4758 | D:10     | Identified the +1 leather armour "Anainuam" {Str+3}
  4791 | D:10     | Noticed a tengu warrior
  4793 | D:10     | Found a staircase to the Orcish Mines.
  4801 | D:10     | Killed a tengu warrior
  4809 | D:10     | Found Fasurchy's Jewellery Shop.
  4980 | Lair:1   | Entered Level 1 of the Lair of Beasts
  5058 | Lair:2   | Found a runed translucent door.
  5063 | Lair:2   | Noticed PurpleRed's ghost (journeyman MeFi)
  5328 | Lair:2   | Found a hole to the Spider Nest.
  5451 | Lair:3   | Reached *** piety under Hepliaklqana
  5520 | Lair:3   | Reached XP level 13. HP: 105/105 MP: 14/14
  5537 | Lair:3   | Noticed a four-headed hydra
  5541 | Lair:3   | Found a staircase to the Swamp.
  5621 | Lair:3   | Identified the +8 dagger of Myhemot {vamp, rElec rPois rN++
                  | Stlth-}
  5696 | Lair:4   | Noticed a catoblepas
  5712 | Lair:4   | Killed a catoblepas
  5761 | Lair:5   | Entered Level 5 of the Lair of Beasts
  5761 | Lair:5   | Noticed a four-headed hydra
  5761 | Lair:5   | Noticed a death yak
  5762 | Lair:5   | Noticed a death yak
  5763 | Lair:5   | Noticed a death yak
  5773 | Lair:4   | Killed a five-headed hydra
  5793 | Lair:5   | Noticed a death yak
  5798 | Lair:5   | Noticed a six-headed hydra
  5806 | Lair:4   | Killed a death yak
  5807 | Lair:4   | Killed a death yak
  5809 | Lair:4   | Killed a death yak
  5916 | Lair:4   | Reached **** piety under Hepliaklqana
  5998 | Lair:5   | Reached XP level 14. HP: 97/117 MP: 15/15
  6008 | Lair:5   | Identified the +2 scale mail of Exclusion {rElec rC+
                  | Stlth+}
  6226 | Lair:5   | Reached skill level 15 in Fighting
  6256 | Lair:5   | Identified the +0 robe of the Beggar {rF- rC+ Regen+ Int+4}
  6371 | Lair:4   | Identified the +0 plate armour of the Exceptional God
                  | {rPois rC- Int+9 Slay-5}
  6503 | Lair:5   | Found a runed translucent gate.
  6503 | Lair:5   | Found a runed translucent gate.
  6504 | Lair:5   | Noticed an acid blob
  6505 | Lair:5   | Noticed an azure jelly
  6505 | Lair:5   | Noticed an acid blob
  6506 | Lair:5   | Noticed an acid blob
  6506 | Lair:5   | Noticed dhlexpress's ghost (journeyman KoEE)
  6506 | Lair:5   | Noticed an azure jelly
  6507 | Lair:5   | Found a runed translucent gate.
  6507 | Lair:5   | Noticed an acid blob
  6508 | Lair:5   | Noticed an acid blob
  6509 | Lair:5   | Found a viscous altar of Jiyva.
  6619 | Lair:5   | Reached skill level 1 in Invocations
  6692 | Lair:3   | Reached ***** piety under Hepliaklqana
  6806 | Lair:1   | Reached XP level 15. HP: 113/132 MP: 17/17
  6935 | Orc:1    | Entered Level 1 of the Orcish Mines
  6970 | Orc:2    | Entered Level 2 of the Orcish Mines
  7027 | Orc:2    | Found a staircase to the Elven Halls.
  7076 | Orc:2    | Reached skill level 5 in Armour
  7128 | Orc:2    | Noticed an orc warlord
  7137 | Orc:2    | Reached skill level 5 in Invocations
  7149 | Orc:2    | Reached skill level 6 in Armour
  7226 | Orc:2    | Killed an orc warlord
  7291 | Orc:2    | Found Yxill's General Store.
  7291 | Orc:2    | Found Rymmak Hiamy's Armour Emporium.
  7292 | Orc:2    | Found Huhaba's Armour Emporium.
  7292 | Orc:2    | Found Utaso's Armour Shop.
  7318 | Orc:1    | Noticed an orc warlord
  7326 | Orc:1    | Killed an orc warlord
  7368 | Orc:1    | Noticed an orc warlord
  7387 | Orc:1    | Killed an orc warlord
  7399 | Orc:1    | Found Ozxataec's Vocational Training.
  7432 | D:10     | Bought the ring "Tiduef" {Contam rC+ rN+ Slay+5} for 774
                  | gold pieces
  7536 | D:12     | Reached XP level 16. HP: 126/141 MP: 21/21
  7737 | D:11     | Killed Temauhi's ghost
  7738 | D:11     | Reached skill level 7 in Armour
  7888 | D:13     | Reached skill level 10 in Shields
  8002 | D:15     | Entered Level 15 of the Dungeon
  8123 | D:15     | Reached skill level 8 in Armour
  8180 | D:14     | Found a gate to the Vaults.
  8309 | D:15     | Reached skill level 10 in Invocations
  8312 | D:15     | Found a staircase to the Depths.
  8544 | D:14     | Noticed Azrael
  8554 | D:14     | Killed Azrael
  8589 | D:14     | Reached skill level 9 in Armour
  9064 | Swamp:1  | Entered Level 1 of the Swamp
  9152 | Swamp:1  | Reached XP level 17. HP: 146/146 MP: 25/25
  9190 | Swamp:1  | Reached skill level 10 in Armour
  9281 | Swamp:2  | Noticed Nikola
  9303 | Swamp:2  | Killed Nikola
  9323 | Swamp:2  | Noticed a thorn hunter
  9339 | Swamp:2  | Killed a thorn hunter
  9340 | Swamp:2  | Reached skill level 11 in Armour
  9468 | Swamp:4  | Entered Level 4 of the Swamp
  9562 | Swamp:4  | Identified the ring of Banynt {rN++ Will+ Stlth+}
  9593 | Swamp:3  | Reached skill level 12 in Armour
  9757 | Swamp:4  | Reached skill level 13 in Armour
  9793 | Swamp:4  | Gained mutation: You passively map a large area around you.
                  | [Meteoran growth]
  9793 | Swamp:4  | Reached XP level 18. HP: 91/154 MP: 26/26
  9873 | Swamp:4  | Reached skill level 14 in Armour
  9964 | Swamp:4  | Got a decaying rune of Zot
 10009 | Swamp:4  | Reached skill level 15 in Armour
 10165 | Swamp:3  | Got the Omnibus of Silt and Points
 10252 | Swamp:3  | Noticed a tentacled monstrosity
 10260 | Swamp:3  | Killed a tentacled monstrosity
 10498 | Swamp:2  | Reached skill level 16 in Armour
 10605 | Swamp:1  | Found a stormy altar of Qazlal.
 10886 | Vaults:1 | Entered Level 1 of the Vaults
 10888 | Vaults:1 | Noticed a sphinx
 10893 | Vaults:1 | Killed a sphinx
 10925 | Vaults:1 | Reached skill level 17 in Armour
 10941 | Vaults:1 | Reached XP level 19. HP: 71/161 MP: 27/27
 11000 | Vaults:1 | Reached skill level 18 in Armour
 11212 | Vaults:2 | Reached skill level 19 in Armour
 11269 | Vaults:3 | Identified the +4 longbow "Fexec" {speed, Will++ Str+7}
 11410 | Vaults:2 | Noticed a sphinx
 11415 | Vaults:2 | Noticed a lich
 11417 | Vaults:2 | Killed a sphinx
 11432 | Vaults:2 | Killed a lich
 11433 | Vaults:2 | Reached skill level 20 in Armour
 11489 | Vaults:2 | Reached XP level 20. HP: 65/168 MP: 28/28
 11649 | Vaults:1 | Reached skill level 21 in Armour
 12115 | Vaults:4 | Reached skill level 22 in Armour
 12263 | Vaults:4 | Reached ****** piety under Hepliaklqana
 12502 | Vaults:4 | Reached skill level 15 in Dodging
 12506 | Vaults:4 | Reached XP level 21. HP: 74/175 MP: 29/29
 12622 | Vaults:5 | Entered Level 5 of the Vaults
 12698 | Vaults:4 | Found Dines's Weapon Shop.
 12735 | Vaults:5 | Noticed a tentacled monstrosity
 12756 | Vaults:5 | Noticed a golden dragon
 12777 | Vaults:4 | Killed a tentacled monstrosity
 12782 | Vaults:4 | Mangled by a titan

Illustrated notes

Levels and vault maps discovered:
D:1:      dpeg_arrival_three_bigger_balls, layout_basic, minmay_lizard_pond
D:2:      layout_loops_ring
D:3:      layout_loops_corners, mainiacjoe_overflow_tiny_flanked
D:4:      kennysheep_spiral_hall, layout_loops_ring, serial_shops,
          nicolae_stop_n_shop_1, shop, nicolae_shop_pleasant_corner_grove,
          nicolae_shop_back_alley_shop
D:5:      layout_loops_corners, kennysheep_mini_moat, nemelex_dance_club_becter,
          minmay_manual_macuahuitl
D:6:      layout_basic
D:7:      layout_basic, mainiacjoe_overflow_brackets,
          minmay_temple_entry_proselytizer, minmay_hedge_maze
D:8:      layout_basic, nzn_overflow_gifts_of_might_and_magic,
          mainiacjoe_overflow_divided_tiny, due_lair_maze_entry_diamond
D:9:      layout_basic, uniq_erolcha
D:10:     minmay_the_grid_octo_triangle [minmay_the_grid_octo_teeth,
          minmay_the_grid_octo_prize_single_spiral,
          minmay_the_grid_octo_odd_swirl], layout_small_grid,
          amcnicky_altar_gilded, orc_0_dummy, serial_shops, shop
D:11:     layout_cave_pods, serial_shops, nicolae_shop_trees,
          gammafunk_ghost_nasty_kobolds, trog_ov_bears_minmay
D:12:     layout_gridville, nicolae_figureground_pulse
D:13:     layout_irregular_city, uniq_jorgrun
D:14:     layout_rooms, hellmonk_vaults_order_and_chaos,
          kennysheep_generic_room_6, uniq_azrael
D:15:     grunt_enter_depths_hoard, layout_loops_ring
Temple:   compressed_dpeg_triangle_lava_temple
Lair:1:   layout_loops_ring, grunt_forest_large_clearings
Lair:2:   layout_small_grid, spider_nest_entry_funnel_web,
          ebering_ghost_reflecting_pool
Lair:3:   layout_cellular_growth, palyth_hydra_swamp_entry,
          gammafunk_lair_bear_cave, uniq_fannar
Lair:4:   hellmonk_ruined_rings, layout_misc_corridors, evilmike_ambush
          [evilmike_ambush_outer_pillars, evilmike_ambush_inner_pond]
Lair:5:   gammafunk_lair_ancient_temple, layout_hall_layers,
          minmay_slime_entry_oklob_enclosed, gammafunk_ghost_ooze, serial_bayou,
          serial_bayou_crossing, serial_bayou_lake_a, serial_bayou_pond_e,
          serial_bayou_pond_e, serial_bayou_ford_a
Swamp:1:  layout_basic_swamp, nicolae_swamp_feature_on_the_river_bank
Swamp:2:  nzn_winding_woodlands_small [nzn_winding_woodlands_5x15_garden,
          nzn_winding_woodlands_center_lodge, nzn_winding_woodlands_5x15_twine],
          layout_falls_marsh, evilmike_swamp_ruin_house_3,
          nicolae_swamp_super_fun_site, infiniplex_staircase_pool_2, uniq_nikola
Swamp:3:  layout_basic_swamp, nicolae_swamp_round_clearing
Swamp:4:  swamp_vile, layout_basic_swamp, swamp_pool_3,
          nicolae_swamp_decorative_isthmus
Orc:1:    layout_diamond_mine, nicolae_shop_vocational
Orc:2:    st_orc_ogre_mass, layout_caves
Vaults:1: vaults_mumra_hexcomb, v_misc_3, nicolae_vaults_ring_of_whatevers,
          nicolae_vaults_closet_pinwheel_3, grunt_vaults_swirl,
          ontoclasm_vaults_fault, v_pattern_3, nicolae_vaults_diamond_1,
          nicolae_vaults_c_with_doors, vaults_room_grunt_arrival_ludios,
          nicolae_vaults_trapezoid_2, nicolae_vaults_big_angled_halls,
          layout_vaults_ring, serial_shops, shop
Vaults:2: st_check, v_misc_32, nicolae_vaults_storage_closets_1,
          nicolae_vaults_network_periphery, nicolae_vaults_alarming,
          nicolae_vaults_sightless_eye, nicolae_vaults_closet_pinwheel_4,
          layout_vaults_omnigrid
Vaults:3: hangedman_vaults_corner, vaults_mumra_chevron_long,
          nicolae_vaults_disjoint_gnomons,
          nicolae_vaults_windows_and_doors_thing, nicolae_vaults_gold_heap,
          nicolae_vaults_tangram_1, minmay_crypt_entry_simple_walls,
          nicolae_vaults_tetromino_T_1, layout_vaults_chaotic_city,
          serial_shops, shop
Vaults:4: vaults_standard_mumra_enter_the_diamond, hangedman_vaults_variations,
          hangedman_vaults_stitches, vaults_room_stairs_pillars,
          hangedman_vaults_stream, vaults_room_fancy_cross, v_alt_pattern_6,
          ontoclasm_vaults_chip, nicolae_vaults_variable_pillar_hall,
          nicolae_vaults_cochlea, nicolae_vaults_house_3,
          vaults_room_mumra_shop_pool, nicolae_vaults_tetromino_T_1,
          layout_vaults_omnibox
Vaults:5

Skill      XL: |  1  2  3  4  5  6  7  8  9 10 11 12 13 14 15 16 17 18 19 20 21 |
---------------+----------------------------------------------------------------+-----
Axes           | 3 4 5 6 8 9 11 13 15 17 18 20 | 20.0
Fighting       | 4 5 6 7 8 9 10 11 13 17 18 | 18.8
Dodging        | 1 4 8 10 12 14 15 | 15.8
Armour         | 4 6 9 13 17 20 22 | 22.2
Shields        | 5 8 9 10 11 | 11.6
Invocations    | 1 6 10 | 10.0

Action                     |  1- 3 |  4- 6 |  7- 9 | 10-12 | 13-15 | 16-18 | 19-21 || total
---------------------------+-------+-------+-------+-------+-------+-------+-------++-------
  Melee: War axe           |    70 |    23 |   162 |   317 |   518 |   605 |   549 ||  2244
         Dagger            |       |       |       |       |    20 |    15 |       ||    35
         Morningstar       |       |       |       |       |       |    41 |       ||    41
 Invoke: Ancestor Life: Kn |       |       |       |     1 |       |       |       ||     1
         Recall Ancestor   |       |       |       |       |     8 |     2 |       ||    10
         Idealise          |       |       |       |       |     2 |     1 |       ||     3
         Transference      |       |       |       |       |       |     3 |       ||     3
         Ancestor Identity |       |       |       |       |       |       |     1 ||     1
  Evoke: Wand              |       |       |       |     1 |    12 |     2 |       ||    15
    Use: Scroll            |     5 |     1 |    11 |     5 |     6 |     4 |     1 ||    33
         Potion            |       |     2 |       |       |     1 |     6 |     1 ||    10
   Stab: Sleeping          |       |       |       |     2 |       |     2 |       ||     4
         Paralysed         |       |       |       |     2 |     1 |       |       ||     3
         Distracted        |       |       |       |     1 |     8 |     9 |     7 ||    25
         Petrified         |       |       |       |       |     5 |       |       ||     5
         Petrifying        |       |       |       |       |     1 |       |       ||     1
         Confused          |       |       |       |       |       |     2 |       ||     2
 Armour: Scale mail        |    41 |     5 |    32 |       |   253 |   108 |       ||   439
         Skin              |       |     3 |       |       |       |     3 |       ||     6
         Acid dragon scale |       |       |    45 |   162 |    65 |       |       ||   272
         Chain mail        |       |       |       |       |       |   363 |   439 ||   802
  Dodge: Dodged            |    35 |     1 |    54 |   149 |   259 |   438 |   421 ||  1357
  Block: Buckler           |    41 |    12 |    54 |     8 |       |       |       ||   115
         Reflection        |     1 |       |       |       |       |       |       ||     1
         Tower shield      |       |       |       |   266 |   541 |   721 |   671 ||  2199

Table legend: (Time is in decaauts)
 A = Elapsed time spent in this place.
 B = Non-inter-level travel time spent in this place.
 C = Inter-level travel time spent in this place.
 D = Time resting spent in this place.
 E = Time spent auto-exploring this place.
 F = Levels seen in this place.
 G = Mean time per level.
                   A        B        C        D        E       F      G
               +--------+--------+--------+--------+--------+-----+--------+
         Total |  13194 |  12136 |   1058 |     77 |      0 |  32 |  412.3 |
       Dungeon |   6768 |   5933 |    835 |     39 |      0 |  15 |  451.2 |
        Temple |     38 |     23 |     15 |      0 |      0 |   1 |   38.0 |
          Lair |   2120 |   1951 |    169 |     16 |      0 |   5 |  424.0 |
         Swamp |   1842 |   1842 |      0 |     18 |      0 |   4 |  460.5 |
  Orcish Mines |    472 |    458 |     14 |      0 |      0 |   2 |  236.0 |
        Vaults |   1951 |   1926 |     25 |      4 |      0 |   5 |  390.2 |
               +--------+--------+--------+--------+--------+-----+--------+

Top non-repeatable levels by time:
    D:10: 936 daAuts
     D:5: 905 daAuts
     D:8: 845 daAuts
 Swamp:4: 763 daAuts
Vaults:4: 716 daAuts
  Lair:5: 676 daAuts
     D:6: 644 daAuts
Vaults:2: 531 daAuts
     D:4: 477 daAuts
    D:15: 450 daAuts
     D:3: 432 daAuts
 Swamp:2: 421 daAuts
  Lair:4: 421 daAuts
     D:9: 406 daAuts
  Lair:2: 395 daAuts
